 Dungeon Crawl Stone Soup version 0.28.0-53-g5a82cb258f (webtiles) character file.

Game seed: 3647745993096831047

81 Legadrian the Skirmisher (level 4, 0/37 HPs)
             Began as a Human Fighter on June 21, 2022.
             Slain by Grinder (5 damage)
             ... on level 3 of the Dungeon on June 22, 2022.
             The game lasted 00:06:57 (2679 turns).

Legadrian the Skirmisher (Human Fighter)            Turns: 2679, Time: 00:06:58

Health: 0/37       AC:  9    Str: 17 (18) XL:     4   Next: 67%
Magic:  4/4        EV:  9    Int:  6 (9)  God:
Gold:   88         SH:  4    Dex: 12      Spells: 3/3 levels left

rFire   . . .      SeeInvis .   i - +4 rapier (venom)
rCold   . . .      Faith    .   b - +0 buckler
rNeg    . . .      Spirit   .   a - +0 scale mail
rPois   .          Reflect  .   (no helmet)
rElec   .          Harm     .   h - +2 cloak {rCorr}
rCorr   +          Rampage  .   (no gloves)
Will    .....                   (no boots)
Stlth   ..........              (no amulet)
HPRegen 0.12/turn               (no ring)
MPRegen 0.09/turn               (no ring)

@: no status effects
A: no striking features
a: no special abilities


You were on level 3 of the Dungeon.
You visited 1 branch of the dungeon, and saw 3 of its levels.

You collected 88 gold pieces.

Inventory:

Hand Weapons
 e - a +0 rapier
 f - a +0 trident
 i - a +4 rapier of venom (weapon)
 j - a +0 flail
Armour
 a - a +0 scale mail (worn)
 b - a +0 buckler (worn)
 h - a +2 cloak of preservation (worn)
 l - a +0 scale mail
Scrolls
 d - a scroll of enchant weapon (quivered) {unknown}
Potions
 c - a potion of might


   Skills:
 * Level 4.3 Fighting
 - Level 3.0 Armour
 - Level 3.0 Shields
 + Level 3.2 Unarmed Combat


You had 3 spell levels left.
You didn't know any spells.
Your spell library was empty.

Dungeon Overview and Level Annotations

Branches:
Dungeon (3/15)

Altars:

Shops:
D:2 :

Annotations:
D:3 Grinder


Message History

The goblin no longer looks unusually strong.
The goblin hits you with a +0 club.
You hit the goblin.
The goblin is severely wounded.
You block the goblin's attack.
You barely miss the goblin.
The goblin is severely wounded.
The goblin hits you but does no damage.
You puncture the goblin!
You kill the goblin!
Your life force feels restored.
Grinder hits you.
You writhe in agony.
Items here: ( )))))) ††.
You hit Grinder.
Grinder is lightly wounded.
Grinder completely misses you.
You puncture Grinder!
Grinder is moderately wounded.
Grinder says, "DUCK!"
Grinder blinks!
Items here: ))) [[ †.
Grinder gestures at you. Pain shoots through your body!
Grinder says, "Tell me all your secrets, or I'll kill you."
Items here: ( )))))) ††.
You barely miss Grinder.
Grinder is moderately wounded.
Grinder barely misses you.
You hit Grinder.
Grinder is heavily wounded.
Grinder hits you! Grinder closely misses you.
You barely miss Grinder.
Grinder is heavily wounded.
Grinder hits you.
You writhe in agony.
You barely miss Grinder.
Grinder is heavily wounded.
Grinder hits you!
* * * LOW HITPOINT WARNING * * *
You writhe in agony.
You die...

#.....###.#
######.#.###.# #
.............#..[
#######..........
#....#.### #.##)#
# #.##)# #.##)#
#.##@# #.##5#
#.##.# ......
...#.. .......
##.# ..


You could see Grinder.

Vanquished Creatures
  Robin (D:3)
  An adder (D:3)
  2 dart slugs
  An orc (D:3)
  3 ball pythons (D:2)
  4 endoplasms
  16 goblins
  7 hobgoblins
  2 jackals (D:2)
  2 quokkas
  4 bats
  A frilled lizard (D:1)
  3 kobolds
  5 rats
52 creatures vanquished.

Notes
Turn   | Place    | Note
-------+----------+-------------------------------------------
     0 | D:1      | Legadrian the Human Fighter began the quest for the Orb.
     0 | D:1      | Reached XP level 1. HP: 18/18 MP: 1/1
   180 | D:1      | Reached XP level 2. HP: 14/24 MP: 2/2
   580 | D:1      | Reached XP level 3. HP: 9/29 MP: 3/3
  1275 | D:2      | Found Liokhlong's Book Shop.
  2594 | D:3      | Found a faded altar of an unknown god.
  2629 | D:3      | Noticed Robin
  2630 | D:3      | Noticed Grinder
  2632 | D:3      | Reached XP level 4. HP: 34/37 MP: 4/4
  2634 | D:3      | Reached skill level 4 in Fighting
  2654 | D:3      | Killed Robin
  2679 | D:3      | Slain by Grinder

Illustrated notes

Levels and vault maps discovered:
D:1:      eino_arrival_tree_alley, layout_basic
D:2:      layout_basic, serial_shops, nicolae_shop_waterfront
D:3:      layout_loops_ring, ebering_ecumenical_altar_abandoned, goddamned_bats,
          uniq_robin, uniq_grinder

Skill      XL: |  1  2  3  4 |
---------------+-------------+-----
Unarmed Combat | 3 |  3.2
Fighting       | 4 |  4.3
Armour         | |  3.0
Shields        | |  3.0

Action                   |  1- 3 |  4- 6 || total
-------------------------+-------+-------++-------
Melee: Unarmed           |    69 |       ||    69
       Rapier            |    47 |    41 ||    88
  Use: Scroll            |     4 |       ||     4
       Potion            |     3 |     1 ||     4
Armor: Scale mail        |    52 |    16 ||    68
Dodge: Dodged            |    45 |    14 ||    59
Block: Buckler           |    24 |     4 ||    28
